 Dungeon Crawl Stone Soup version 0.23-a0-296-ga3b1b28 (webtiles) character file.

8 iamserjio the Sneak (level 2, 0/17 HPs)
             Began as an Octopode Enchanter on Oct 5, 2018.
             Slain by a goblin
             ... wielding a +0 dagger
              (1 damage)
             ... on level 1 of the Dungeon.
             The game lasted 00:01:29 (143 turns).

iamserjio the Sneak (Octopode Enchanter)             Turns: 143, Time: 00:01:29

Health: 0/17       AC:  1    Str:  7    XL:     2   Next: 8%
Magic:  5/5        EV: 13    Int: 17    God:
Gold:   7          SH:  0    Dex: 12    Spells: 2/5 levels left

rFire    . . .     SeeInvis .   a - +1 dagger
rCold    . . .     Gourm    .   (no shield)
rNeg     . . .     Faith    .   (helmet restricted)
rPois    .         Spirit   .   (no amulet)
rElec    .         Reflect  .   (no ring)
rCorr    .         Harm     .   (no ring)
MR       .....                  (no ring)
Stlth    ++++......             (no ring)
HPRegen  0.05/turn              (no ring)
MPRegen  0.09/turn              (no ring)
                                (no ring)
                                (no ring)

@: no status effects
A: almost no armour, stealthy swim, amphibious, 8 rings, constrict 8, camouflage
1, gelatinous body 1
a: no special abilities


You were on level 1 of the Dungeon.
You were not hungry.

You visited 1 branch of the dungeon, and saw 1 of its levels.

You collected 7 gold pieces.

Inventory:

Hand Weapons
 a - a +1 dagger (weapon)
Scrolls
 b - a scroll of random uselessness {unknown}
Comestibles
 c - a ration


   Skills:
 + Level 1.5 Short Blades
 - Level 2.0 Dodging
 + Level 4.4 Stealth
 - Level 2.0 Spellcasting
 - Level 3.0 Hexes
 + Level 0.1 Ice Magic


You had 2 spell levels left.
You knew the following spells:

 Your Spells              Type           Power        Failure   Level  Hunger
a - Corona                Hex            ##.....      5%          1    #......
b - Ensorcelled Hibernat  Hex/Ice        #.....       16%         2    ###....

Your spell library contained the following spells:

 Spells                   Type           Power        Failure   Level  Hunger
 Confuse                  Hex            ##......     17%         3    ###....
 Tukima's Dance           Hex            ##......     17%         3    ###....
 Dazzling Spray           Conj/Hex       #.....       30%         3    ###....


Dungeon Overview and Level Annotations

Branches:
Dungeon (1/15)

Altars:


Innate Abilities, Weirdness & Mutations

You cannot wear most types of armour.
You are very stealthy in the water. (Stealth+)
You are amphibious.
You can wear up to eight rings at the same time.
You can use your tentacles to constrict eight enemies at once.
Your skin changes colour to match your surroundings (Stealth+).
Your rubbery body absorbs attacks. (AC +1, EV +1)


Message History

The giant cockroach barely misses you. x2
You hit the giant cockroach but do no damage.
Your grab misses the giant cockroach. The giant cockroach barely misses you.
You hit the giant cockroach. You grab the giant cockroach.
You constrict the giant cockroach, but do no damage.
The giant cockroach bites you but does no damage.
You hit the giant cockroach.
You constrict the giant cockroach, but do no damage.
The giant cockroach barely misses you.
You hit the giant cockroach but do no damage.
You squeeze the giant cockroach, but do no damage.
You constrict the giant cockroach, but do no damage.
The giant cockroach bites you.
* * * LOW HITPOINT WARNING * * *
You hit the giant cockroach but do no damage.
You squeeze the giant cockroach.
You kill the giant cockroach!
You hit the goblin. Your grab misses the goblin.
The goblin hits you with a dagger.
You die...

.....# ..###.# ....##
.....##### ....#
#........# ..†.#
###........# ....##
######...(......#
.....###...##..((......#
...#.##[....#.#........#
..##..†.......##g#######
#####.........##@#
...##.........##.#
............##...#
########....##)### ...
#.......# ...$ #.....###
...⌠ #(....# ....
##....## .######.....#


You could see a goblin.

Vanquished Creatures
  A dart slug (D:1)
  A giant cockroach (D:1)
  A hobgoblin (D:1)
  A bat (D:1)
  A frilled lizard (D:1)
  A kobold (D:1)
  A rat (D:1)
7 creatures vanquished.

Notes
Turn   | Place    | Note
-------+----------+-------------------------------------------
     0 | D:1      | iamserjio the Octopode Enchanter began the quest for the
                  | Orb.
     0 | D:1      | Reached XP level 1. HP: 11/11 MP: 3/3
   105 | D:1      | Reached XP level 2. HP: 1/17 MP: 3/5
   109 | D:1      | Learned a level 2 spell: Ensorcelled Hibernation
   143 | D:1      | Slain by a goblin

Vault maps used:
D:1:      giann_wishing_wells

Action                   || total
-------------------------++-------
Melee: Dagger            ||    25
       Tentacles         ||     8
       Constrict         ||     7
 Cast: Corona            ||     1
 Stab: Sleeping          ||     1
Armor: Skin              ||     1
Dodge: Dodged            ||    18

Table legend:
 A = Non-vault XP
 B = Vault XP
 C = Vault XP percentage of total XP
 D = Non-vault monster count
 E = Vault monster count
 F = Vault count percentage of total count
                 A         B        C        D         E       F
            +---------+---------+-------+---------+---------+-------
      Total |      12 |       0 |   0.0 |       7 |       0 |   0.0
            +---------+---------+-------+---------+---------+-------
        D:1 |      12 |       0 |   0.0 |       7 |       0 |   0.0
            +---------+---------+-------+---------+---------+-------
